PL
CHARLESTON BATTERY @ MISSISSIPPI MOCKINGBIRDS
09/14/2041
 
TOP OF THE 1ST
Charleston Battery batting - Pitching for Mississippi Mockingbirds : RHP Cedomil Dudukovic
Pitching: RHP Cedomil Dudukovic
Batting: LHB Rafael Urrutiz 0-0: SINGLE (Groundball, 3D, EV 97.5 MPH)
Batting: LHB Benno Luby 0-0: Ball
1-0: Called Strike
1-1: Swinging Strike
1-2: Strikes out swinging
Batting: LHB Joey Coco 0-0: Foul Ball, location: 2F
0-1: Ball
1-1: Ball
2-1: Fly out, F8 (Flyball, 8RXD, EV 107.5 MPH)
Batting: RHB Doug Allerdale 0-0: Called Strike
Rafael Urrutiz steals 2nd base
0-1: Ball
1-1: Foul Ball, location: 2F
1-2: Ball
2-2: Strikes out swinging
Top of the 1st over - 0 runs, 1 hit, 0 errors, 1 left on base; Charleston 0 - Mississippi 0
BOTTOM OF THE 1ST
Mississippi Mockingbirds batting - Pitching for Charleston Battery : RHP Scotty Bingham
Pitching: RHP Scotty Bingham
Batting: LHB Warren King 0-0: Ground out 6-3 (Groundball, 6, EV 88.1 MPH)
Batting: RHB Quinn Albracht 0-0: Called Strike
0-1: Ball
1-1: Called Strike
1-2: Ground out 6-3 (Groundball, 6, EV 86.9 MPH)
Batting: LHB Tural Bishara 0-0: Ground out 6-3 (Groundball, 6M, EV 105.0 MPH)
Bottom of the 1st over - 0 runs, 0 hits, 0 errors, 0 left on base; Charleston 0 - Mississippi 0
TOP OF THE 2ND
Charleston Battery batting - Pitching for Mississippi Mockingbirds : RHP Cedomil Dudukovic
Batting: RHB Jaime Espinar 0-0: Ball
1-0: Foul Ball, location: 2F
1-1: Swinging Strike
1-2: Ball
2-2: Strikes out swinging
Batting: RHB Vesa Karpinen 0-0: Called Strike
0-1: Ball
1-1: Swinging Strike
1-2: Fly out, F5 (Line Drive, 5, EV 70.6 MPH)
Batting: LHB Alfonso López 0-0: Ball
1-0: DOUBLE (Line Drive, 89M, EV 102.5 MPH)
Batting: RHB Tomás Martí 0-0: Called Strike
0-1: Called Strike
0-2: Ball
1-2: Foul Ball, location: 2F
1-2: Fly out, F3 (Popup, 23F, EV 86.9 MPH)
Top of the 2nd over - 0 runs, 1 hit, 0 errors, 1 left on base; Charleston 0 - Mississippi 0
BOTTOM OF THE 2ND
Mississippi Mockingbirds batting - Pitching for Charleston Battery : RHP Scotty Bingham
Batting: RHB Richard Jost 0-0: Called Strike
0-1: Ball
1-1: Ball
2-1: Ball
3-1: Foul Ball, location: 2F
3-2: SINGLE (Groundball, 34D, EV 103.8 MPH)
Batting: LHB Vicente Gonzáles 0-0: Ball
1-0: Called Strike
1-1: Ball
2-1: SINGLE (Line Drive, 9LS, EV 105.6 MPH)
Richard Jost to second
Batting: LHB Seb Blanch 0-0: Called Strike
0-1: Called Strike
0-2: Strikes out swinging
Batting: LHB Riley Rowbery 0-0: SINGLE (Line Drive, 56D, EV 95.0 MPH)
Richard Jost to third
Vicente Gonzáles to second
Runner from 3rd tries for Home, SAFE, throw by LF to home
Batting: SHB Jorge Indiano 0-0: Ball
1-0: Foul Ball, location: 2F
1-1: Ball
2-1: SINGLE (Groundball, 4D, EV 104.4 MPH)
Vicente Gonzáles to third
Riley Rowbery to second
Runner from 3rd tries for Home, SAFE, throw by CF to home
Batting: LHB Calvin Wilms 0-0: Grounds into double play, 6-4-3 (Groundball, 6, EV 79.4 MPH)
Bottom of the 2nd over - 2 runs, 4 hits, 0 errors, 1 left on base; Charleston 0 - Mississippi 2
TOP OF THE 3RD
Charleston Battery batting - Pitching for Mississippi Mockingbirds : RHP Cedomil Dudukovic
Batting: RHB Torajiro Ogawa 0-0: Called Strike
0-1: Fly out, F4 (Popup, 4, EV 78.1 MPH)
Batting: LHB Rafael Urrutiz 0-0: Swinging Strike
0-1: Ball
1-1: Ground out 6-3 (Groundball, 6, EV 82.5 MPH)
Batting: LHB Benno Luby 0-0: Ground out 4-3 (Groundball, 34, EV 100.0 MPH)
Top of the 3rd over - 0 runs, 0 hits, 0 errors, 0 left on base; Charleston 0 - Mississippi 2
BOTTOM OF THE 3RD
Mississippi Mockingbirds batting - Pitching for Charleston Battery : RHP Scotty Bingham
Batting: LHB Warren King 0-0: Called Strike
0-1: Foul Ball, location: 2F
0-2: Ball
1-2: Ball
2-2: DOUBLE (Line Drive, 89XD, EV 108.1 MPH)
Batting: RHB Quinn Albracht 0-0: Ball
1-0: SINGLE (Groundball, 56S, EV 71.9 MPH) (infield hit)
Warren King to third
Batting: LHB Tural Bishara 0-0: Called Strike
0-1: Fly out, F9 (Flyball, 9D, EV 87.5 MPH)
Runner from 3rd tags up, SCORES, throw by RF
Batting: RHB Richard Jost 0-0: Ball
1-0: Called Strike
1-1: Called Strike
1-2: Fly out, F9 (Line Drive, 9D, EV 102.5 MPH)
Batting: LHB Vicente Gonzáles 0-0: Ball
1-0: Ball
2-0: Swinging Strike
2-1: Called Strike
2-2: Ball
3-2: Ground out 4-3 (Groundball, 4, EV 100.0 MPH)
Bottom of the 3rd over - 1 run, 2 hits, 0 errors, 1 left on base; Charleston 0 - Mississippi 3
TOP OF THE 4TH
Charleston Battery batting - Pitching for Mississippi Mockingbirds : RHP Cedomil Dudukovic
Batting: LHB Joey Coco 0-0: Ground out 1-3 (Groundball, 34S, EV 68.1 MPH)
Batting: RHB Doug Allerdale 0-0: Called Strike
0-1: Ball
1-1: Ball
2-1: Foul Ball, location: 2F
2-2: DOUBLE (Line Drive, 9LS, EV 93.8 MPH)
Batting: RHB Jaime Espinar 0-0: Ball
1-0: SINGLE (Flyball, 56D, EV 91.9 MPH)
Doug Allerdale to third
Batting: RHB Vesa Karpinen 0-0: Fielders Choice at 2nd, 4-6 (Groundball, 4M, EV 98.1 MPH)
Doug Allerdale scores
Batting: LHB Alfonso López 0-0: Called Strike
0-1: Ball
1-1: Called Strike
1-2: SINGLE (Groundball, 3, EV 101.2 MPH) (infield hit)
Vesa Karpinen to second
Batting: RHB Tomás Martí 0-0: Foul Ball, location: 2F
0-1: Swinging Strike
0-2: Ground out 1-3 (Groundball, 15, EV 88.1 MPH)
Top of the 4th over - 1 run, 3 hits, 0 errors, 2 left on base; Charleston 1 - Mississippi 3
BOTTOM OF THE 4TH
Mississippi Mockingbirds batting - Pitching for Charleston Battery : RHP Scotty Bingham
Batting: LHB Seb Blanch 0-0: Foul Ball, location: 2F
0-1: SINGLE (Groundball, 6D, EV 102.5 MPH)
Batting: LHB Riley Rowbery 0-0: Called Strike
0-1: Ball
1-1: Ground out 6-3 (Groundball, 6MS, EV 77.5 MPH)
Seb Blanch to second
Batting: SHB Jorge Indiano Balk!
Seb Blanch to third
0-0: Ground out U3 (Groundball, 34S, EV 83.8 MPH)
Seb Blanch scores
Batting: LHB Calvin Wilms 0-0: Ground out U3 (Groundball, 34S, EV 70.6 MPH)
Bottom of the 4th over - 1 run, 1 hit, 0 errors, 0 left on base; Charleston 1 - Mississippi 4
TOP OF THE 5TH
Charleston Battery batting - Pitching for Mississippi Mockingbirds : RHP Cedomil Dudukovic
Batting: RHB Torajiro Ogawa 0-0: Ball
1-0: Ball
2-0: Foul Ball, location: 2F
2-1: Ball
3-1: Foul Ball, location: 2F
3-2: Foul Ball, location: 2F
3-2: SINGLE (Groundball, 4MD, EV 98.1 MPH)
Batting: LHB Rafael Urrutiz 0-0: Ground out 6-3 (Groundball, 6, EV 86.9 MPH)
Torajiro Ogawa to second
Batting: LHB Benno Luby 0-0: Ball
1-0: Foul Ball, location: 2F
1-1: Ball
2-1: Called Strike
2-2: Ball
3-2: Ground out 4-3 (Groundball, 34, EV 82.5 MPH)
Torajiro Ogawa to third
Batting: LHB Joey Coco 0-0: Swinging Strike
0-1: Foul Ball, location: 2F
0-2: Ball
1-2: Fly out, F9 (Flyball, 9D, EV 95.6 MPH)
Top of the 5th over - 0 runs, 1 hit, 0 errors, 1 left on base; Charleston 1 - Mississippi 4
BOTTOM OF THE 5TH
Mississippi Mockingbirds batting - Pitching for Charleston Battery : RHP Scotty Bingham
Batting: LHB Warren King 0-0: SINGLE (Groundball, 4S, EV 72.5 MPH) (infield hit)
Batting: RHB Quinn Albracht 0-0: Foul Ball, location: 2F
0-1: Ball
1-1: Fielders Choice at 2nd, 6-4 (Groundball, 6, EV 87.5 MPH)
Batting: LHB Tural Bishara 0-0: Ball
1-0: Ball
2-0: Ball
3-0: Called Strike
3-1: Base on Balls
Quinn Albracht to second
Batting: RHB Richard Jost 0-0: Called Strike
0-1: SINGLE (Groundball, 4MD, EV 103.1 MPH)
Quinn Albracht to third
Tural Bishara to second
Runner from 3rd tries for Home, SAFE, no throw by CF
Pitching: RHP Juan Guillén
Batting: LHB Vicente Gonzáles 0-0: Called Strike
0-1: Ball
1-1: Grounds into double play, 4-6-3 (Groundball, 34, EV 105.6 MPH)
Bottom of the 5th over - 1 run, 2 hits, 0 errors, 1 left on base; Charleston 1 - Mississippi 5
TOP OF THE 6TH
Charleston Battery batting - Pitching for Mississippi Mockingbirds : RHP Cedomil Dudukovic
Batting: RHB Doug Allerdale 0-0: Ball
1-0: DOUBLE (Flyball, 8RXD, EV 108.8 MPH)
Batting: RHB Jaime Espinar 0-0: SINGLE (Line Drive, 3D, EV 98.8 MPH)
Doug Allerdale to third
Runner from 3rd tries for Home, SAFE, throw by RF to home
Batting: RHB Vesa Karpinen 0-0: Sac Bunt to 5S - play at first, batter safe!
Jaime Espinar to second
Batting: LHB Alfonso López 0-0: Bunt missed!
0-1: Sac Bunt to 2L - play at first, batter OUT! 2-4
Jaime Espinar to third
Vesa Karpinen to second
Batting: RHB Tomás Martí 0-0: Ball
1-0: Called Strike
1-1: Foul Ball, location: 2F
1-2: Ball
2-2: Ball
3-2: SINGLE (Groundball, 56D, EV 106.9 MPH)
Jaime Espinar scores
Vesa Karpinen to third
Runner from 3rd tries for Home, SAFE, throw by LF to home
Batting: RHB Torajiro Ogawa 0-0: Called Strike
0-1: Swinging Strike
0-2: Fly out, F8 (Flyball, 8RM, EV 76.9 MPH)
Batting: LHB Rafael Urrutiz 0-0: Ball
1-0: Ground out 4-3 (Groundball, 4, EV 85.0 MPH)
Top of the 6th over - 3 runs, 4 hits, 0 errors, 1 left on base; Charleston 4 - Mississippi 5
BOTTOM OF THE 6TH
Mississippi Mockingbirds batting - Pitching for Charleston Battery : RHP Juan Guillén
Batting: LHB Seb Blanch 0-0: Called Strike
0-1: Foul Ball, location: 2F
0-2: Ball
1-2: Ball
2-2: Ground out 6-3 (Groundball, 6, EV 83.8 MPH)
Batting: LHB Riley Rowbery 0-0: Called Strike
0-1: Ball
1-1: Ball
2-1: Foul Ball, location: 2F
2-2: SINGLE (Line Drive, 8LS, EV 106.9 MPH)
Batting: SHB Jorge Indiano 0-0: Ball
1-0: Ball
2-0: SINGLE (Groundball, 34D, EV 106.2 MPH)
Riley Rowbery to second
Runner from 2nd tries for 3rd, SAFE, throw by RF made to third
Batting: LHB Calvin Wilms 0-0: Called Strike
0-1: Grounds into double play, 4-6-3 (Groundball, 34, EV 104.4 MPH)
Bottom of the 6th over - 0 runs, 2 hits, 0 errors, 1 left on base; Charleston 4 - Mississippi 5
TOP OF THE 7TH
Charleston Battery batting - Pitching for Mississippi Mockingbirds : RHP Cedomil Dudukovic
Batting: LHB Benno Luby 0-0: Swinging Strike
0-1: Ball
1-1: Foul Ball, location: 2F
1-2: Strikes out swinging
Batting: LHB Joey Coco 0-0: Called Strike
0-1: Foul Ball, location: 2F
0-2: Ball
1-2: Foul Ball, location: 2F
1-2: SINGLE (Line Drive, 34D, EV 106.9 MPH)
Pitching: RHP Morton Steele
Batting: RHB Doug Allerdale 0-0: Swinging Strike
0-1: Swinging Strike
0-2: Ball
1-2: Foul Ball, location: 2F
1-2: Fly out, F8 (Flyball, 8LXD, EV 108.8 MPH)
Batting: RHB Jaime Espinar 0-0: Ball
1-0: DOUBLE (Line Drive, 78D, EV 105.6 MPH)
Joey Coco to third
Runner from 3rd tries for Home, throw by CF and OUT! 8-6-2
Top of the 7th over - 0 runs, 2 hits, 0 errors, 1 left on base; Charleston 4 - Mississippi 5
BOTTOM OF THE 7TH
Mississippi Mockingbirds batting - Pitching for Charleston Battery : RHP Juan Guillén
Batting: LHB Warren King 0-0: Called Strike
0-1: Foul Ball, location: 2F
0-2: Foul Ball, location: 2F
0-2: Strikes out swinging
Batting: RHB Quinn Albracht 0-0: Ball
1-0: Called Strike
1-1: Foul Ball, location: 2F
1-2: Ground out 4-3 (Groundball, 4, EV 86.9 MPH)
Batting: LHB Tural Bishara 0-0: Called Strike
0-1: Ball
1-1: Foul Ball, location: 2F
1-2: Foul Ball, location: 2F
1-2: SOLO HOME RUN (Flyball, 8LXD, EV 87.5 MPH), Distance : 435 ft
Batting: RHB Richard Jost 0-0: SINGLE (Groundball, 25, EV 85.6 MPH) (infield hit)
Batting: LHB Vicente Gonzáles 0-0: Ball
1-0: Foul Ball, location: 2F
1-1: Foul Ball, location: 2F
1-2: Ball
2-2: Foul Ball, location: 2F
2-2: Ball
3-2: Fly out, F8 (Flyball, 8LD, EV 106.9 MPH)
Bottom of the 7th over - 1 run, 2 hits, 0 errors, 1 left on base; Charleston 4 - Mississippi 6
TOP OF THE 8TH
Charleston Battery batting - Pitching for Mississippi Mockingbirds : RHP Morton Steele
Batting: RHB Vesa Karpinen 0-0: Ball
1-0: Fly out, F9 (Flyball, 9LS, EV 88.1 MPH)
Batting: LHB Alfonso López 0-0: Called Strike
0-1: SINGLE (Groundball, 6MD, EV 95.6 MPH)
Batting: RHB Tomás Martí 0-0: Ball
1-0: Called Strike
1-1: Ball
2-1: Foul Ball, location: 2F
2-2: SINGLE (Groundball, 4MD, EV 111.2 MPH)
Alfonso López to second
Pitching: RHP Clinton Repetto
Pinch Hitting: RHB Júlio Salazar 0-0: Called Strike
0-1: Fielders Choice at 2nd, 6-4 (Groundball, 6, EV 106.2 MPH)
Alfonso López to third
Batting: LHB Rafael Urrutiz 0-0: Foul Ball, location: 2F
0-1: Fly out, F4 (Line Drive, 4, EV 74.4 MPH)
Top of the 8th over - 0 runs, 2 hits, 0 errors, 2 left on base; Charleston 4 - Mississippi 6
BOTTOM OF THE 8TH
Mississippi Mockingbirds batting - Pitching for Charleston Battery : RHP Juan Guillén
Now in RF: Chris Gordon
Batting: LHB Seb Blanch 0-0: Ground out 5-3 (Groundball, 56, EV 81.2 MPH)
Batting: LHB Riley Rowbery 0-0: Called Strike
0-1: Fly out, F9 (Flyball, 9, EV 85.0 MPH)
Batting: SHB Jorge Indiano 0-0: Called Strike
0-1: Fly out, F1 (Line Drive, P, EV 71.2 MPH)
Bottom of the 8th over - 0 runs, 0 hits, 0 errors, 0 left on base; Charleston 4 - Mississippi 6
TOP OF THE 9TH
Charleston Battery batting - Pitching for Mississippi Mockingbirds : RHP Clinton Repetto
Pitching: RHP Ewan Atwood
Now at 3B: Henry Madore
Now in LF: Iiri Haapajarvi
Now in CF: Wu-shun Chu
Batting: LHB Benno Luby 0-0: Ball
1-0: Ball
2-0: Ball
3-0: Base on Balls
Batting: LHB Joey Coco 0-0: Ball
1-0: Ball
2-0: Ball
3-0: Base on Balls
Benno Luby to second
Batting: RHB Doug Allerdale 0-0: Ball
1-0: Called Strike
1-1: Swinging Strike
1-2: Grounds into double play, 6-4-3 (Groundball, 6M, EV 101.9 MPH)
Benno Luby to third
Batting: RHB Jaime Espinar 0-0: Foul Ball, location: 2F
0-1: Swinging Strike
0-2: Strikes out swinging
Top of the 9th over - 0 runs, 0 hits, 0 errors, 1 left on base; Charleston 4 - Mississippi 6
Tuesday, January 5th, 2021 - OOTP Baseball 20.8 Build 74